 Dungeon Crawl Stone Soup version 0.29.1-15-g9cfb28693d (webtiles) character file.

Game seed: 14272457526078432971

399 LustLizard the Covered (level 6, -5/43 (44) HPs)
             Began as a Gnoll Wanderer on Mar 11, 2023.
             Was a Follower of Cheibriados.
             Slain by a mummy (8 damage)
             ... in an ossuary.
             The game lasted 00:10:58 (4486 turns).

LustLizard the Covered (Gnoll Wanderer)             Turns: 4486, Time: 00:10:58

HP:   -5/43 (44)    AC: 11    Str: 13    XL:     6   Next: 84%
MP:   11/11         EV: 14    Int: 13    God:    Cheibriados [*.....]
Gold: 73            SH:  0    Dex: 16    Spells: 11/12 levels left

rFire   . . .      SeeInvis .   a - +0 sling
rCold   . . .      Faith    .   (no shield)
rNeg    . . .      Spirit   .   k - +0 leather armour
rPois   .          Reflect  .   v - +0 helmet
rElec   .          Harm     .   (no cloak)
rCorr   .          Rampage  .   b - +1 pair of gloves
Will    .....                   (no boots)
Stlth   ++........              (no amulet)
HPRegen 0.14/turn               f - ring of wizardry
MPRegen 0.12/turn               s - +4 ring of protection

@: marked, lightly drained, very slow
A: fangs 1, strong nose, distributed training
a: Renounce Religion, Bend Time


You were in an ossuary.
You worshipped Cheibriados.
Cheibriados was aware of your devotion.
You visited 2 branches of the dungeon, and saw 6 of its levels.
You also visited: Ossuary.

You collected 73 gold pieces.

Inventory:

Hand Weapons
 a - a +0 sling (weapon)
 q - a +2 short sword of speed
Missiles
 p - 5 curare-tipped darts
 r - 3 boomerangs
Armour
 b - a +1 pair of gloves (worn)
 d - a +0 robe
 k - a +0 leather armour (worn)
 v - a +0 helmet (worn)
Jewellery
 f - a ring of wizardry (left hand)
 s - a +4 ring of protection (right hand)
 y - a +6 ring of intelligence
 A - a ring of willpower
Wands
 n - a wand of paralysis (6)
Scrolls
 e - a scroll of butterflies
 g - 3 scrolls of poison
 h - 2 scrolls of identify
 o - a scroll of teleportation {unknown}
 t - a scroll of enchant armour
 x - a scroll of enchant weapon {unknown}
Potions
 c - a potion of lignification
 w - 2 potions of brilliance
 B - a potion of attraction


   Skills:
 + Level 2.2 Fighting
 + Level 2.2 Short Blades
 + Level 2.2 Long Blades
 + Level 2.2 Axes
 + Level 2.2 Maces & Flails
 + Level 2.2 Polearms
 + Level 2.2 Staves
 + Level 3.4 Ranged Weapons
 + Level 2.2 Throwing
 + Level 6.9 Armour
 + Level 5.1 Dodging
 + Level 2.2 Stealth
 + Level 2.2 Shields
 + Level 2.2 Unarmed Combat
 + Level 3.6 Spellcasting
 + Level 1.8 Conjurations
 + Level 1.8 Hexes
 + Level 1.8 Summonings
 + Level 1.8 Necromancy
 + Level 1.8 Translocations
 + Level 1.8 Transmutations
 + Level 1.8 Fire Magic
 + Level 5.7 Ice Magic
 + Level 1.8 Air Magic
 + Level 1.8 Earth Magic
 + Level 1.8 Poison Magic
 + Level 2.4 Invocations
 + Level 2.2 Evocations


You had 11 spell levels left.
You knew the following spells:

 Your Spells              Type           Power      Damage    Failure   Level
a - Freeze                Ice            68%        1d8       1%          1

Your spell library contained the following spells:

 Spells                   Type           Power      Damage    Failure   Level
 Apportation              Tloc           14%        N/A       5%          1
 Necrotise                Necr           28%        1d5       5%          1
 Summon Small Mammal      Summ           28%        N/A       5%          1
 Hailstorm                Conj/Ice       12%        3d5       22%         4
 Ice Form                 Ice/Tmut       12%        N/A       22%         4
 Summon Ice Beast         Ice/Summ       12%        N/A       22%         4
 Summon Mana Viper        Hex/Summ       7%         N/A       77%         5
 Monstrous Menagerie      Summ           3%         N/A       100%        7


Dungeon Overview and Level Annotations

Branches:
Dungeon (7/15)             Temple (1/1) D:4         Ossuary (1/1)

Altars:
Ashenzari
Cheibriados
Dithmenos
Elyvilon
Gozag
Kikubaaqudgha
Makhleb
Nemelex Xobeh
Qazlal
Ru
Trog
Uskayaw
Wu Jian
Xom
Zin
The Shining One


Innate Abilities, Weirdness & Mutations

You have very sharp teeth.
Your uncanny sense of smell can sniff out nearby items.
Your experience applies equally to all skills.


Message History

The sling bullet misses the elf zombie.
The sling bullet barely misses the goblin zombie.
The sling bullet hits the elf zombie.
The elf zombie is lightly damaged.
You feel less invigorated.
You feel less confused. The mummy hits you.
Fire: a) +0 sling
Press: ? - help, Q - select action, (/) - cycle Shift-Dir - straight line, f - mummy
Aim: a mummy (74% to hit)
You shoot a sling bullet.
The sling bullet barely misses the mummy.
The sling bullet hits the kobold zombie.
The kobold zombie is lightly damaged.
The mummy hits you!
Fire: a) +0 sling
Press: ? - help, Q - select action, (/) - cycle Shift-Dir - straight line, f/p - mummy
Aim: a mummy (74% to hit)
Okay, then.
As you read the scroll labelled WAUXOHI PUNAIT, it crumbles to dust.
You hear the tinkle of a tiny bell.
It was a scroll of butterflies.
The mummy closely misses you. x2
As you read the scroll labelled ROPPAE LIMURESUIRCH, it crumbles to dust.
It is a scroll of enchant armour.
Your +0 pair of gloves glows green for a moment.
The mummy hits you!
* * * LOW HITPOINT WARNING * * *
As you read the scroll labelled VEMOEDW QELUN, it crumbles to dust.
You assume a fearsome visage.
The kobold zombie is unaffected. x2
The hobgoblin zombie is unaffected.
The elf zombie is unaffected. x2
The mummy is unaffected.
The adder zombie is unaffected.
The kobold zombie is unaffected.
The goblin zombie is unaffected.
The mummy is unaffected.
The elf zombie is unaffected.
It was a scroll of fear.
The mummy completely misses you.
As you read the scroll labelled SACASIP ECLUP, it crumbles to dust.
It is a scroll of amnesia.
Really abort (and waste the scroll)?
Okay, then.
The mummy hits you!
You die...

######################
#............b.......#
#........b..b........#
#........8..8bb......#
#.......bbb.b........#
#...######^@######...#
#...# #MM# #...# #...#
#ZZ# #...# #...# #ZZ#
#...# #...#


ZZZZ #...# #...# ##.Z.. #...# #...# #.... #...# #...# #.... #...# #...# #...#
You could see 2 mummies, an adder zombie, a goblin zombie, a hobgoblin zombie, 3
kobold zombies and 3 elf zombies.

Vanquished Creatures
  A sky beast (D:7)
  A bullfrog (D:7)
  A human zombie (Ossuary)
  Terence (D:3)
  3 orc wizards
  3 adders (D:2)
  2 worms
  3 dart slugs
  4 orcs
  4 endoplasms
  4 giant cockroaches
  8 goblins
  10 hobgoblins
  A quokka (D:4)
  2 ball pythons
  A bat (D:1)
  3 frilled lizards
  5 hobgoblin zombies (Ossuary)
  10 kobolds
  6 kobold zombies (Ossuary)
  9 orc zombies (Ossuary)
  3 rats
85 creatures vanquished.

Notes
Turn   | Place    | Note
-------+----------+-------------------------------------------
     0 | D:1      | LustLizard the Gnoll Wanderer began the quest for the Orb.
     0 | D:1      | LustLizard set off with the following items: a +0 sling, a
                  | +0 pair of gloves, a potion of lignification, a +0 robe;
                  | and the following spell memorised: Freeze; and the
                  | following spells available to memorise: Hailstorm, Ice
                  | Form.
     0 | D:1      | Reached XP level 1. HP: 13/13 MP: 4/4
   346 | D:1      | Reached XP level 2. HP: 19/19 MP: 3/5
   916 | D:1      | Reached XP level 3. HP: 23/25 MP: 4/7
  1308 | D:2      | Reached skill level 1 in Invocations
  1505 | D:2      | Reached skill level 1 in Fighting
  1505 | D:2      | Reached skill level 1 in Short Blades
  1505 | D:2      | Reached skill level 1 in Long Blades
  1505 | D:2      | Reached skill level 1 in Axes
  1505 | D:2      | Reached skill level 1 in Maces & Flails
  1505 | D:2      | Reached skill level 1 in Polearms
  1505 | D:2      | Reached skill level 1 in Staves
  1505 | D:2      | Reached skill level 1 in Throwing
  1505 | D:2      | Reached skill level 1 in Stealth
  1505 | D:2      | Reached skill level 1 in Shields
  1505 | D:2      | Reached skill level 1 in Unarmed Combat
  1505 | D:2      | Reached skill level 1 in Evocations
  1536 | D:2      | Reached XP level 4. HP: 26/32 MP: 6/8
  1683 | D:2      | Reached skill level 1 in Conjurations
  1683 | D:2      | Reached skill level 1 in Hexes
  1683 | D:2      | Reached skill level 1 in Summonings
  1683 | D:2      | Reached skill level 1 in Necromancy
  1683 | D:2      | Reached skill level 1 in Translocations
  1683 | D:2      | Reached skill level 1 in Transmutations
  1683 | D:2      | Reached skill level 1 in Fire Magic
  1683 | D:2      | Reached skill level 1 in Air Magic
  1683 | D:2      | Reached skill level 1 in Earth Magic
  1683 | D:2      | Reached skill level 1 in Poison Magic
  2460 | D:3      | Noticed Terence
  2466 | D:3      | Killed Terence
  2467 | D:3      | Reached XP level 5. HP: 36/37 MP: 4/9
  2519 | D:3      | Found a faded altar of an unknown god.
  2987 | D:3      | Found a bloodstained altar of Trog.
  3504 | D:4      | Found a staircase to the Ecumenical Temple.
  3517 | Temple   | Entered the Ecumenical Temple
  3624 | Temple   | Became a worshipper of Cheibriados the Contemplative
  3643 | D:4      | Found a sparkling altar of Nemelex Xobeh.
  3729 | D:4      | You fall into a shaft and drop 3 floors!
  3729 | D:7      | Found a shimmering altar of Xom.
  3867 | D:7      | Noticed a sky beast
  3873 | D:7      | Reached skill level 5 in Dodging
  3873 | D:7      | Reached XP level 6. HP: 11/44 MP: 4/11
  3885 | D:7      | Killed a sky beast
  4017 | D:7      | Found a sand-covered staircase.
  4020 | Ossuary  | Entered an ossuary
  4345 | Ossuary  | Reached * piety under Cheibriados
  4486 | Ossuary  | Slain by a mummy

Illustrated notes

Levels and vault maps discovered:
D:1:      lemuel_arrival_river_bridge, layout_basic
D:2:      layout_loops_ring
D:3:      layout_basic, marbit_many_paths,
          hellmonk_ecumenical_altar_heavens_door, dreamdust_princess_corridor,
          uniq_terence
D:4:      layout_gridville, general_overflow_altar, temple_statues,
          uniq_natasha, uniq_duvessa
D:7:      layout_layer_cave, nicolae_overflow_crystal_walls,
          nicolae_ossuary_entry_monument
Temple:   nicolae_temple_bog_church
Ossuary:  ossuary_tomb_1

Skill      XL: |  1  2  3  4  5  6 |
---------------+-------------------+-----
Invocations    | 1 2 |  2.4
Fighting       | 1 2 |  2.2
Short Blades   | 1 2 |  2.2
Long Blades    | 1 2 |  2.2
Axes           | 1 2 |  2.2
Maces & Flails | 1 2 |  2.2
Polearms       | 1 2 |  2.2
Staves         | 1 2 |  2.2
Throwing       | 1 2 |  2.2
Stealth        | 1 2 |  2.2
Shields        | 1 2 |  2.2
Unarmed Combat | 1 2 |  2.2
Evocations     | 1 2 |  2.2
Spellcasting   | 3 |  3.6
Conjurations   | 1 |  1.8
Hexes          | 1 |  1.8
Summonings     | 1 |  1.8
Necromancy     | 1 |  1.8
Translocations | 1 |  1.8
Transmutations | 1 |  1.8
Fire Magic     | 1 |  1.8
Air Magic      | 1 |  1.8
Earth Magic    | 1 |  1.8
Poison Magic   | 1 |  1.8
Ranged Weapons | 3 |  3.4
Dodging        | 5 |  5.1
Armour         | |  6.9
Ice Magic      | |  5.7

Action                   |  1- 3 |  4- 6 || total
-------------------------+-------+-------++-------
 Fire: Sling             |    86 |   214 ||   300
 Cast: Freeze            |    20 |    42 ||    62
  Use: Scroll            |       |    15 ||    15
       Potion            |       |     2 ||     2
Armor: Robe              |     6 |       ||     6
       Leather armour    |     2 |    66 ||    68
Dodge: Dodged            |    25 |   117 ||   142
